 Dungeon Crawl Stone Soup version 0.29-a0-418-gc0181ea820 (webtiles) character file.

Game seed: 13208686807547061209

30 Hubjo the Firebug (level 3, -3/20 HPs)
             Began as a Deep Elf Fire Elementalist on May 17, 2022.
             Was a High Priest of Ignis.
             Killed by divine providence
             ... invoked by an orc priest
              (12 damage)
             ... on level 3 of the Dungeon.
             The game lasted 00:01:48 (2628 turns).

Hubjo the Firebug (Deep Elf Fire Elementalist)      Turns: 2628, Time: 00:01:49

Health: -3/20      AC:  2    Str:  5    XL:     3   Next: 5%
Magic:  9/9        EV: 12    Int: 21    God:    Ignis [*****.]
Gold:   128        SH:  0    Dex: 15    Spells: 7/8 levels left

rFire   + . .      SeeInvis .   (no weapon)
rCold   . . .      Faith    .   (no shield)
rNeg    . . .      Spirit   .   a - +0 robe
rPois   .          Reflect  .   (no helmet)
rElec   .          Harm     .   (no cloak)
rCorr   .          Rampage  .   (no gloves)
Will    .....                   (no boots)
Stlth   ++........              (no amulet)
HPRegen 0.06/turn               (no ring)
MPRegen 0.11/turn               (no ring)

@: no status effects
A: no striking features
a: Renounce Religion, Fiery Armour, Foxfire Swarm, Rising Flame


You were on level 3 of the Dungeon.
You worshipped Ignis.
Ignis was extremely pleased with you.
You visited 1 branch of the dungeon, and saw 3 of its levels.

You collected 128 gold pieces.

Inventory:

Armour
 a - a +0 robe (worn)
Jewellery
 l - a ring of see invisible
Scrolls
 c - 2 scrolls of identify {unknown}
 d - 3 scrolls of fear {unknown}
 e - 2 scrolls of teleportation {unknown}
 f - a scroll of enchant weapon {unknown}
 g - 2 scrolls of enchant armour {unknown}
Potions
 b - a potion of magic
 h - a potion of invisibility {unknown}
 i - a potion of might {unknown}
 j - a potion of heal wounds {unknown}
 k - a potion of haste {unknown}
 m - a potion of resistance {unknown}
 o - a potion of curing {unknown}


   Skills:
 * Level 1.2 Fighting
 - Level 2.4 Dodging
 + Level 3.0 Stealth
 + Level 3.4 Spellcasting
 - Level 1.1 Conjurations
 + Level 3.6 Fire Magic


You had 7 spell levels left.
You knew the following spells:

 Your Spells              Type           Power      Damage    Failure   Level
a - Foxfire               Conj/Fire      52%        2x1d6     4%          1

Your spell library contained the following spells:

 Spells                   Type           Power      Damage    Failure   Level
 Scorch                   Fire           36%        2d7       4%          2
 Conjure Flame            Conj/Fire      13%        6-21      14%         3
 Inner Flame              Hex/Fire       11%        N/A       19%         3
 Flame Wave               Conj/Fire      13%        2d6       43%         4


Dungeon Overview and Level Annotations

Branches:
Dungeon (3/15)

Altars:
Ignis

Shops:
D:2 ([::


Message History

Done exploring.
Done exploring.
Done exploring.
Done exploring.
Done exploring.
You conjure some foxfire!
There is not enough space to conjure foxfire!
Your foxfire dissipates! x2
Done exploring.
There is a stone staircase leading down here.
As you read the scroll labelled WERUEPRYTT, it crumbles to dust.
The air around you briefly surges with heat, but it dissipates.
It was a scroll of immolation.
You climb downwards.
There is a stone staircase leading up here.
Found 5 poisoned darts.
You see here 5 poisoned darts.
c - 2 scrolls labelled FIUMOBOUDGH (gained 1)
An orc priest and an orc come into view.
The orc priest shouts!
There are monsters nearby!
There are monsters nearby!
You conjure some foxfire!
The orc shouts!
You hear a shout!
A bat comes into view.
An orc comes into view. It is wielding a +0 trident.
There is not enough space to conjure foxfire!
There is not enough space to conjure foxfire!
There is not enough space to conjure foxfire!
Your foxfire dissipates!
The bat attacks as you move away! The bat closely misses you.
The foxfire hits the bat.
You kill the bat!
The orc moves out of view.
The orc attacks as you move away! The orc hits you with a +0 falchion.
The orc attacks as you move away! The orc hits you with a +0 falchion!
The orc priest calls down the wrath of Beogh upon you.
Beogh smites you!
Ouch! That really hurt!
You die...

#.#.#.#.#.#
#.#.#.#.#.# #
#.#.#.#.#
#.#.#.#.#
#...#.#.#
###.(.#.# #.#...#
#.#.#######
#.#.....@.#
#.#######o# #. #.#
###. #o# ### #...
#.#
.....#.#########o#
#........oo...#
.....#.###########
... ...


You could see an orc priest and 2 orcs.

Vanquished Creatures
  A dart slug (D:1)
  2 ball pythons
  4 bats
  4 endoplasms
  2 giant cockroaches
  4 goblins
  A hobgoblin (D:2)
  2 kobolds
  2 quokkas (D:1)
  2 frilled lizards
  A rat (D:2)
25 creatures vanquished.

Vanquished Creatures (collateral kills)
  10 foxfires
10 creatures vanquished.

Vanquished Creatures (others)
  134 foxfires
  A fungus (D:1)
  A plant (D:1)
136 creatures vanquished.

Grand Total: 171 creatures vanquished

Notes
Turn   | Place    | Note
-------+----------+-------------------------------------------
     0 | D:1      | Hubjo the Deep Elf Fire Elementalist began the quest for
                  | the Orb.
     0 | D:1      | Reached XP level 1. HP: 10/10 MP: 6/6
   307 | D:1      | Found a faded altar of an unknown god.
   342 | D:1      | Prayed at the altar of an unknown god.
   342 | D:1      | Became a worshipper of Ignis, the Dying Flame
   669 | D:1      | Reached XP level 2. HP: 16/16 MP: 4/8
   943 | D:1      | Reached skill level 1 in Fighting
  1472 | D:2      | Found Fizankod's Book Boutique.
  1641 | D:2      | Found Usijoloc's Book Boutique.
  1929 | D:2      | Found Cuniemink's Antique Weapon Emporium.
  1987 | D:2      | Found Fasy's Armour Shop.
  2074 | D:2      | Reached XP level 3. HP: 20/20 MP: 6/9
  2628 | D:3      | Killed from afar by an orc priest

Illustrated notes

Levels and vault maps discovered:
D:1:      dpeg_arrival_snail, layout_basic,
          shapermc_ecumenical_altar_mp_urbaneastern
D:2:      layout_basic, serial_shops, nicolae_shop_advertising_works
          [nicolae_subvault_shop_adworks], shop,
          nicolae_shop_overgrown_old_shop,
          nicolae_shop_temple_entry_statues_fountains, minmay_misc_feat_x
D:3:      layout_basic, mainiacjoe_overflow_big_doors,
          mainiacjoe_overflow_chevrons, mainiacjoe_overflow_alcove_4

Skill      XL: |  1  2 |
---------------+-------+-----
Fighting       | 1 |  1.2
Stealth        | 3 |  3.0
Dodging        | |  2.4
Spellcasting   | |  3.4
Conjurations   | |  1.1
Fire Magic     | |  3.6

Action                   || total
-------------------------++-------
 Cast: Foxfire           ||    99
  Use: Scroll            ||     1
Armor: Robe              ||     1
Dodge: Dodged            ||     2

Table legend: (Time is in decaauts)
 A = Elapsed time spent in this place.
 B = Non-inter-level travel time spent in this place.
 C = Inter-level travel time spent in this place.
 D = Time resting spent in this place.
 E = Time spent auto-exploring this place.
 F = Levels seen in this place.
 G = Mean time per level.
                   A        B        C        D        E       F      G
               +--------+--------+--------+--------+--------+-----+--------+
         Total |   2627 |   2497 |    130 |      0 |   2262 |   3 |  875.7 |
       Dungeon |   2627 |   2497 |    130 |      0 |   2262 |   3 |  875.7 |
               +--------+--------+--------+--------+--------+-----+--------+

Top non-repeatable levels by time:
     D:1: 1471 daAuts
     D:2: 1100 daAuts
     D:3: 55 daAuts
